 Dungeon Crawl Stone Soup version 0.20.1-2-g1830e616b0 (webtiles) character file.

499 Alfie the Shooter (level 7, -6/52 HPs)
             Began as a Human Hunter on Jan 22, 2020.
             Mangled by a wight
             ... wielding a +3 halberd
              (19 damage)
             ... on level 3 of the Dungeon.
             The game lasted 00:09:01 (1544 turns).

Alfie the Shooter (Human Hunter)                    Turns: 1544, Time: 00:09:02

Health: -6/52      AC:  4    Str: 14    XL:     7   Next: 39%
Magic:  7/7        EV: 12    Int: 17    God:
Gold:   166        SH:  0    Dex: 13    Spells: 6/6 levels left

rFire    . . .     SeeInvis .   a - +1 shortbow
rCold    . . .     Gourm    .   (shield currently unavailable)
rNeg     . . .     Faith    .   c - +1 leather armour
rPois    +         Spirit   .   (no helmet)
rElec    .         Reflect  .   (no cloak)
rCorr    .         Harm     .   (no gloves)
MR       .....                  (no boots)
Stlth    ++........             (no amulet)
Regen    0.2/turn               g - ring of stealth
MPRegen  0.1/turn               j - ring of poison resistance

@: brilliant, drained
A: no striking features
a: no special abilities


You were on level 3 of the Dungeon.
You were full.

You visited 1 branch of the dungeon, and saw 3 of its levels.

You collected 166 gold pieces.

Inventory:

Hand Weapons
 a - a +1 shortbow (weapon)
 b - a +0 short sword
Missiles
 d - 20 arrows (quivered)
 o - 15 poisoned needles
Armour
 c - a +1 leather armour (worn)
Jewellery
 g - a ring of stealth (left hand)
 j - a ring of poison resistance (right hand)
Wands
 p - a wand of paralysis (8/24)
Scrolls
 i - 2 scrolls of identify
Potions
 e - a potion of cancellation {unknown}
 l - a potion of agility {unknown}
 m - a potion of brilliance
Comestibles
 f - a bread ration
 k - 3 meat rations


   Skills:
 + Level 3.4(2.5) Fighting
 + Level 7.2(6.2) Bows
 + Level 2.0(1.1) Armour
 + Level 2.6(1.7) Dodging
 + Level 1.2(0.4) Stealth


You had 6 spell levels left.
You didn't know any spells.

Dungeon Overview and Level Annotations

Branches:
Dungeon (3/15)

Altars:
Makhleb

Annotations:
D:3 Grinder


Message History

You feel drained.
Firing (i - inventory):
d - 23 arrows (quivered)
Press: ? - help, Shift-Dir - straight line, f/p - wight
Aim: a wight, wielding an enchanted halberd and wearing a robe (severely damaged)
You shoot an arrow. The arrow hits the wight.
The wight is almost destroyed.
The wight hits you from afar with an enchanted halberd.
* * * LOW HITPOINT WARNING * * *
Firing (i - inventory):
d - 22 arrows (quivered)
Press: ? - help, Shift-Dir - straight line, f/p - wight
Aim: a wight, wielding an enchanted halberd and wearing a robe (almost destroyed)
You shoot an arrow. The arrow closely misses the wight.
Firing (i - inventory):
d - 21 arrows (quivered)
Press: ? - help, Shift-Dir - straight line, f/p - wight
Aim: a wight, wielding an enchanted halberd and wearing a robe (almost destroyed)
You shoot an arrow.
The arrow hits the wight but does no damage.
The wight is almost destroyed.
The wight hits you from afar with an enchanted halberd!!
You die...

.# ### .# # #.####### .#.#
#####.......# ######.#.#.#
#<..'.......###.........(.
####.##.......<##......#.#.#
#....##........##z##..##
#.##.##........@()....(#
#.##.##......5####.#.###
##.##.##.......##....)..#
.#.#####[[.....##...#)#.#
.#.# #.......##....(#+#
...#####.......##..z.(.
...†..................[.
##############.##....(...
#...5...(....


You could see Grinder and a wight.

Vanquished Creatures
  Sigmund (D:2)
  4 wights (D:3)
  A hound (D:2)
  Ijyb (D:3)
  7 adders
  2 oozes
  A worm (D:2)
  A dart slug (D:2)
  A ball python (D:2)
  4 bats
  3 giant cockroaches
  2 goblins
  5 hobgoblins
  3 jackals (D:3)
  4 kobolds
  A quokka (D:2)
  5 frilled lizards
  5 rats
51 creatures vanquished.

Notes
Turn   | Place    | Note
-------+----------+-------------------------------------------
     0 | D:1      | Alfie the Human Hunter began the quest for the Orb.
     0 | D:1      | Reached XP level 1. HP: 16/16 MP: 1/1
   103 | D:1      | Reached XP level 2. HP: 22/22 MP: 2/2
   402 | D:1      | Reached XP level 3. HP: 27/27 MP: 3/3
   913 | D:2      | Reached XP level 4. HP: 29/34 MP: 4/4
   933 | D:2      | Reached skill level 5 in Bows
   995 | D:2      | Noticed Sigmund
  1005 | D:2      | Killed Sigmund
  1005 | D:2      | Reached skill level 6 in Bows
  1005 | D:2      | Reached skill level 1 in Armour
  1005 | D:2      | Reached XP level 5. HP: 16/40 MP: 5/5
  1005 | D:2      | Reached XP level 6. HP: 18/46 MP: 6/6
  1330 | D:2      | Found a burning altar of Makhleb.
  1411 | D:3      | Noticed Ijyb
  1420 | D:3      | Killed Ijyb
  1478 | D:3      | Reached XP level 7. HP: 38/52 MP: 7/7
  1493 | D:3      | Reached skill level 7 in Bows
  1515 | D:3      | Noticed Grinder
  1536 | D:3      | HP: 1/52 [wight/enchanted halberd (5)]
  1544 | D:3      | Mangled by a wight

Skill      XL: |  1  2  3  4  5  6  7 |
---------------+----------------------+-----
Bows           | 6 7 |  7.2
Armour         | 1 2 |  2.0
Fighting       | 3 |  3.4
Dodging        | |  2.6
Stealth        | |  1.2

Action                   |  1- 3 |  4- 6 |  7- 9 || total
-------------------------+-------+-------+-------++-------
Melee: Short sword       |       |     8 |       ||     8
 Fire: Shortbow          |    62 |    86 |    33 ||   181
  Use: Scroll            |     7 |     2 |       ||     9
       Potion            |       |       |     2 ||     2
  Eat: Royal jelly       |       |     1 |       ||     1
       Bread ration      |       |       |     1 ||     1
Armor: Leather armour    |     1 |    12 |       ||    13
Dodge: Dodged            |     6 |    39 |    10 ||    55
